AA
CALGARY COWBOYS @ SAN FRANCISCO SEALS
08/02/2059
 
TOP OF THE 1ST
Calgary Cowboys batting - Pitching for San Francisco Seals : LHP Trevence Yang
Pitching: LHP Trevence Yang
Batting: RHB Jeff DeLong 0-0: Called Strike
0-1: Foul Ball, location: 2F
0-2: Strikes out swinging
Batting: RHB M.J. McCaslin 0-0: Ball
1-0: Ball
2-0: Ball
3-0: Base on Balls
Batting: LHB Stavian Adjeng 0-0: Called Strike
0-1: Fly out, F8 (Flyball, 78M, EV 91.2 MPH)
Batting: LHB Wyatt Ludwig 0-0: Ball
1-0: Swinging Strike
1-1: Foul Ball, location: 2F
1-2: Ball
2-2: Foul Ball, location: 2F
2-2: Ball
3-2: SINGLE (Flyball, 56D, EV 91.2 MPH)
M.J. McCaslin to second
M.J. McCaslin to third
Batting: RHB Archie Dorsey 0-0: Ball
1-0: Called Strike
1-1: Ball
2-1: Ball
3-1: Base on Balls
Wyatt Ludwig to second
Batting: SHB Blake Humphrey 0-0: Ball
1-0: Called Strike
1-1: Swinging Strike
1-2: DOUBLE (Line Drive, 3D, EV 97.5 MPH)
M.J. McCaslin scores
Wyatt Ludwig scores
Archie Dorsey to third
Batting: RHB Trent Gianopulos 0-0: Ball
1-0: Ball
2-0: Ball
3-0: Called Strike
3-1: Ground out 4-3 (Groundball, 4, EV 80.6 MPH)
Top of the 1st over - 2 runs, 2 hits, 0 errors, 2 left on base; Calgary 2 - San Francisco 0
BOTTOM OF THE 1ST
San Francisco Seals batting - Pitching for Calgary Cowboys : RHP Ralph Michelson
Pitching: RHP Ralph Michelson
Batting: SHB Irv Macura 0-0: Called Strike
0-1: Called Strike
0-2: Ball
1-2: Reached on error, E1 (Groundball, 34S, EV 67.5 MPH)
Batting: RHB Devon Roberson 0-0: Ball
1-0: Called Strike
1-1: Ball
2-1: Called Strike
2-2: SINGLE (Line Drive, 9S, EV 100.6 MPH)
Irv Macura to second
Batting: LHB Kyle Williams 0-0: Fly out, F7 (Flyball, 7LS, EV 83.1 MPH)
Batting: LHB Kurtis Schell 0-0: Called Strike
0-1: Ball
1-1: Called Strike
1-2: Ball
2-2: Ball
3-2: Foul Ball, location: 2F
3-2: Foul Ball, location: 2F
3-2: Foul Ball, location: 2F
3-2: Foul Ball, location: 2F
3-2: Foul Ball, location: 2F
3-2: Base on Balls
Irv Macura to third
Devon Roberson to second
Batting: RHB Kyle Phipps 0-0: Ball
1-0: Ball
2-0: Foul Ball, location: 2F
2-1: Foul Ball, location: 2F
2-2: Ball
Wild Pitch!
Irv Macura scores
Devon Roberson to third
Kurtis Schell to second
3-2: SINGLE (Groundball, 6D, EV 93.8 MPH)
Devon Roberson scores
Kurtis Schell to third
Runner from 3rd tries for Home, throw by LF and OUT! 7-2
Kyle Phipps to second
Batting: LHB Brian Kohman 0-0: Ball
1-0: Foul Ball, location: 2F
1-1: Called Strike
1-2: Strikes out swinging
Bottom of the 1st over - 2 runs, 2 hits, 1 error, 1 left on base; Calgary 2 - San Francisco 2
TOP OF THE 2ND
Calgary Cowboys batting - Pitching for San Francisco Seals : LHP Trevence Yang
Batting: RHB Lanny Suharto 0-0: Ball
1-0: Called Strike
1-1: Called Strike
1-2: Strikes out swinging
Batting: SHB Steve Palavandishvili 0-0: Ball
1-0: Ground out 1-3 (Groundball, 34S, EV 68.8 MPH)
Batting: RHB Jeff DeLong 0-0: Ball
1-0: Called Strike
1-1: Ball
2-1: Ground out 6-3 (Groundball, 6MD, EV 109.4 MPH)
Top of the 2nd over - 0 runs, 0 hits, 0 errors, 0 left on base; Calgary 2 - San Francisco 2
BOTTOM OF THE 2ND
San Francisco Seals batting - Pitching for Calgary Cowboys : RHP Ralph Michelson
Batting: RHB Colby Caudill 0-0: Foul Ball, location: 2F
0-1: Called Strike
0-2: Ball
1-2: Foul Ball, location: 2F
1-2: Strikes out swinging
Batting: LHB Cullen Bradford 0-0: Ball
1-0: Called Strike
1-1: Swinging Strike
1-2: Ball
2-2: Foul Ball, location: 2F
2-2: Strikes out swinging
Batting: RHB Bailey Madry 0-0: Foul Ball, location: 2F
0-1: Swinging Strike
0-2: Foul Ball, location: 2F
0-2: Ball
1-2: Strikes out swinging wild pitch, reaches first!
Batting: SHB Irv Macura 0-0: Called Strike
0-1: Ball
1-1: Ground out 6-3 (Groundball, 6S, EV 72.5 MPH)
Bottom of the 2nd over - 0 runs, 0 hits, 0 errors, 1 left on base; Calgary 2 - San Francisco 2
TOP OF THE 3RD
Calgary Cowboys batting - Pitching for San Francisco Seals : LHP Trevence Yang
Batting: RHB M.J. McCaslin 0-0: SINGLE (Groundball, 56D, EV 98.1 MPH)
Batting: LHB Stavian Adjeng 0-0: Fly out, F5 (Popup, 56, EV 67.5 MPH)
Batting: LHB Wyatt Ludwig 0-0: Ball
1-0: Ball
2-0: Ball
3-0: Base on Balls
M.J. McCaslin to second
Batting: RHB Archie Dorsey 0-0: Called Strike
0-1: Grounds into double play, 3-6-3 (Groundball, 34, EV 83.8 MPH)
Top of the 3rd over - 0 runs, 1 hit, 0 errors, 1 left on base; Calgary 2 - San Francisco 2
BOTTOM OF THE 3RD
San Francisco Seals batting - Pitching for Calgary Cowboys : RHP Ralph Michelson
Batting: RHB Devon Roberson 0-0: Called Strike
0-1: Called Strike
0-2: Strikes out swinging
Batting: LHB Kyle Williams 0-0: Swinging Strike
0-1: Called Strike
0-2: Strikes out swinging
Batting: LHB Kurtis Schell 0-0: Ball
1-0: Foul Ball, location: 2F
1-1: Swinging Strike
1-2: Foul Ball, location: 2F
1-2: Ball
2-2: Foul Ball, location: 2F
2-2: Ball
3-2: Base on Balls
Batting: RHB Kyle Phipps 0-0: SINGLE (Line Drive, 7LM, EV 100.6 MPH)
Kurtis Schell to second
Throwing error, E7
Kurtis Schell scores
Kyle Phipps to second
Batting: LHB Brian Kohman 0-0: Ball
1-0: Ball
2-0: Ground out 4-3 (Groundball, 4, EV 105.0 MPH)
Bottom of the 3rd over - 1 run, 1 hit, 1 error, 1 left on base; Calgary 2 - San Francisco 3
TOP OF THE 4TH
Calgary Cowboys batting - Pitching for San Francisco Seals : LHP Trevence Yang
Batting: SHB Blake Humphrey 0-0: Called Strike
0-1: Ball
1-1: Foul Ball, location: 2F
1-2: Ball
2-2: Ball
3-2: Base on Balls
Batting: RHB Trent Gianopulos 0-0: Fly out, F4 (Line Drive, 34D, EV 76.2 MPH)
Batting: RHB Lanny Suharto 0-0: Called Strike
0-1: Swinging Strike
0-2: Strikes out looking
Batting: SHB Steve Palavandishvili 0-0: Called Strike
0-1: Ball
1-1: Ball
2-1: Foul Ball, location: 2F
2-2: Foul Ball, location: 2F
2-2: Foul Ball, location: 2F
2-2: SINGLE (Flyball, 8LS, EV 96.2 MPH)
Blake Humphrey to second
Batting: RHB Jeff DeLong 0-0: Called Strike
0-1: Ball
1-1: Ball
2-1: Swinging Strike
2-2: Ball
3-2: Base on Balls
Blake Humphrey to third
Steve Palavandishvili to second
Batting: RHB M.J. McCaslin 0-0: Ball
1-0: Ball
2-0: Ball
3-0: Called Strike
3-1: Foul Ball, location: 2F
3-2: Base on Balls
Blake Humphrey scores
Steve Palavandishvili to third
Jeff DeLong to second
Batting: LHB Stavian Adjeng 0-0: Ball
1-0: Foul Ball, location: 2F
1-1: Ball
2-1: Foul Ball, location: 2F
2-2: Foul Ball, location: 2F
2-2: TRIPLE (Flyball, 9LD, EV 88.8 MPH)
Steve Palavandishvili scores
Jeff DeLong scores
M.J. McCaslin scores
Batting: LHB Wyatt Ludwig 0-0: Fly out, F7 (Flyball, 7D, EV 89.4 MPH)
Top of the 4th over - 4 runs, 2 hits, 0 errors, 1 left on base; Calgary 6 - San Francisco 3
BOTTOM OF THE 4TH
San Francisco Seals batting - Pitching for Calgary Cowboys : RHP Ralph Michelson
Batting: RHB Colby Caudill 0-0: Ball
1-0: Foul Ball, location: 2F
1-1: Ball
2-1: Foul Ball, location: 2F
2-2: Ball
3-2: SINGLE (Flyball, 4D, EV 85.6 MPH)
Batting: LHB Cullen Bradford 0-0: Ball
1-0: Ball
Pickoff Throw by Catcher to First - Out!
2-0: Ground out 6-3 (Groundball, 6, EV 84.4 MPH)
Batting: RHB Bailey Madry 0-0: Ball
1-0: Called Strike
1-1: Swinging Strike
1-2: SOLO HOME RUN (Flyball, 7D, EV 94.4 MPH), Distance : 383 ft
Batting: SHB Irv Macura 0-0: Called Strike
0-1: Ball
1-1: Ground out U3 (Groundball, 3S, EV 89.4 MPH)
Bottom of the 4th over - 1 run, 2 hits, 0 errors, 0 left on base; Calgary 6 - San Francisco 4
TOP OF THE 5TH
Calgary Cowboys batting - Pitching for San Francisco Seals : LHP Trevence Yang
Batting: RHB Archie Dorsey 0-0: Called Strike
0-1: Called Strike
0-2: Ball
1-2: Foul Ball, location: 2F
1-2: Foul Ball, location: 2F
1-2: Ball
2-2: Foul Ball, location: 2F
2-2: SINGLE (Line Drive, 89S, EV 96.2 MPH)
Batting: SHB Blake Humphrey 0-0: Called Strike
0-1: Ball
1-1: Ball
2-1: Called Strike
2-2: Strikes out swinging
Batting: RHB Trent Gianopulos 0-0: Ground out 6-3 (Groundball, 56, EV 82.5 MPH)
Archie Dorsey to second
Batting: RHB Lanny Suharto 0-0: Foul Ball, location: 2F
0-1: Ball
1-1: Called Strike
1-2: Foul Ball, location: 2F
1-2: Ball
2-2: Foul Ball, location: 2F
2-2: Foul Ball, location: 2F
2-2: Foul Ball, location: 2F
2-2: Strikes out looking
Top of the 5th over - 0 runs, 1 hit, 0 errors, 1 left on base; Calgary 6 - San Francisco 4
BOTTOM OF THE 5TH
San Francisco Seals batting - Pitching for Calgary Cowboys : RHP Ralph Michelson
Batting: RHB Devon Roberson 0-0: Ball
1-0: Fly out, F8 (Flyball, 8RXD, EV 96.2 MPH)
Batting: LHB Kyle Williams 0-0: SINGLE (Groundball, 3D, EV 101.2 MPH)
Batting: LHB Kurtis Schell 0-0: Called Strike
0-1: Ball
1-1: Foul Ball, location: 2F
1-2: Ball
2-2: Strikes out swinging
Batting: RHB Kyle Phipps 0-0: Called Strike
0-1: Fly out, F8 (Flyball, 78M, EV 86.2 MPH)
Bottom of the 5th over - 0 runs, 1 hit, 0 errors, 1 left on base; Calgary 6 - San Francisco 4
TOP OF THE 6TH
Calgary Cowboys batting - Pitching for San Francisco Seals : LHP Trevence Yang
Pitching: LHP Kameron Saar
Batting: SHB Steve Palavandishvili 0-0: Fly out, F7 (Flyball, 7S, EV 87.5 MPH)
Batting: RHB Jeff DeLong 0-0: Called Strike
0-1: Swinging Strike
0-2: Strikes out swinging
Batting: RHB M.J. McCaslin 0-0: Ball
1-0: Called Strike
1-1: Ball
2-1: Called Strike
2-2: Strikes out swinging
Top of the 6th over - 0 runs, 0 hits, 0 errors, 0 left on base; Calgary 6 - San Francisco 4
BOTTOM OF THE 6TH
San Francisco Seals batting - Pitching for Calgary Cowboys : RHP Ralph Michelson
Batting: LHB Brian Kohman 0-0: Ball
1-0: Foul Ball, location: 2F
1-1: DOUBLE (Flyball, 78D, EV 110.6 MPH)
Batting: RHB Colby Caudill 0-0: Foul Ball, location: 2F
0-1: Swinging Strike
0-2: Ball
1-2: Ball
2-2: Foul Ball, location: 2F
2-2: Ball
3-2: Fly out, F4 (Popup, 34, EV 61.9 MPH)
Batting: LHB Cullen Bradford 0-0: Ball
Balk!
Brian Kohman to third
1-0: Fly out, F8 (Line Drive, 78M, EV 98.1 MPH)
Runner from 3rd tags up, SCORES, no throw by CF
Batting: RHB Bailey Madry 0-0: Foul Ball, location: 2F
0-1: Ball
1-1: Foul Ball, location: 2F
1-2: Foul Ball, location: 2F
1-2: Fly out, F8 (Flyball, 8RM, EV 94.4 MPH)
Bottom of the 6th over - 1 run, 1 hit, 0 errors, 0 left on base; Calgary 6 - San Francisco 5
TOP OF THE 7TH
Calgary Cowboys batting - Pitching for San Francisco Seals : LHP Kameron Saar
Batting: LHB Stavian Adjeng 0-0: Ball
1-0: Called Strike
1-1: Called Strike
1-2: Ball
2-2: Foul Ball, location: 2F
2-2: Ball
3-2: Strikes out swinging
Batting: LHB Wyatt Ludwig 0-0: DOUBLE (Line Drive, 78D, EV 100.0 MPH)
Batting: RHB Archie Dorsey 0-0: Called Strike
0-1: Ball
1-1: Ground out 4-3 (Groundball, 4, EV 105.6 MPH)
Wyatt Ludwig to third
Batting: SHB Blake Humphrey 0-0: Swinging Strike
0-1: Foul Ball, location: 2F
0-2: Ball
1-2: Strikes out swinging, 2-3 out at first.
Top of the 7th over - 0 runs, 1 hit, 0 errors, 1 left on base; Calgary 6 - San Francisco 5
BOTTOM OF THE 7TH
San Francisco Seals batting - Pitching for Calgary Cowboys : RHP Ralph Michelson
Pitching: LHP Ashby Meissen
Batting: SHB Irv Macura 0-0: Called Strike
0-1: Ball
1-1: Single, Error in OF, E8, batter to second base (Groundball, 4D, EV 98.8 MPH)
Batting: RHB Devon Roberson 0-0: Ground out 4-3 (Groundball, 4M, EV 88.8 MPH)
Irv Macura to third
Pinch Hitting: RHB Lee O'Connor 0-0: Ball
1-0: Foul Ball, location: 2F
1-1: Foul Ball, location: 2F
1-2: Strikes out swinging
Batting: LHB Kurtis Schell 0-0: Ball
1-0: Ground out 6-3 (Groundball, 6, EV 83.1 MPH)
Bottom of the 7th over - 0 runs, 1 hit, 1 error, 1 left on base; Calgary 6 - San Francisco 5
TOP OF THE 8TH
Calgary Cowboys batting - Pitching for San Francisco Seals : LHP Kameron Saar
Now at 1B: Cade Griggs
Batting: RHB Trent Gianopulos 0-0: Called Strike
0-1: Ball
1-1: Called Strike
1-2: Fly out, F7 (Line Drive, 78D, EV 90.6 MPH)
Batting: RHB Lanny Suharto 0-0: Ball
1-0: Fly out, F7 (Flyball, 78S, EV 85.0 MPH)
Pitching: RHP Keegan Orman
Batting: SHB Steve Palavandishvili 0-0: Foul Ball, location: 2F
0-1: Ball
1-1: Swinging Strike
1-2: Strikes out swinging
Top of the 8th over - 0 runs, 0 hits, 0 errors, 0 left on base; Calgary 6 - San Francisco 5
BOTTOM OF THE 8TH
San Francisco Seals batting - Pitching for Calgary Cowboys : LHP Ashby Meissen
Batting: RHB Kyle Phipps 0-0: Ball
1-0: Ball
2-0: Ball
3-0: Base on Balls
Batting: LHB Brian Kohman 0-0: Sac Bunt to P - play at first, batter OUT! 1-3
Kyle Phipps to second
Batting: RHB Colby Caudill 0-0: Called Strike
0-1: Ball
1-1: Ball
2-1: SINGLE (Groundball, 4MD, EV 95.0 MPH)
Kyle Phipps to third
Runner from 3rd tries for Home, SAFE, throw by CF to home
Pinch Hitting: RHB Simon Moody 0-0: Ball
1-0: SINGLE (Groundball, 6MD, EV 101.2 MPH)
Colby Caudill to second
Runner from 2nd tries for 3rd, SAFE, throw by CF made to third
Simon Moody to second
Batting: RHB Bailey Madry 0-0: Intentional Walk
Batting: SHB Irv Macura 0-0: Ball
1-0: Swinging Strike
1-1: Fly out, F8 (Line Drive, 8RM, EV 83.8 MPH)
Runner from 3rd tags up, SCORES, throw by CF
Batting: RHB Devon Roberson 0-0: Called Strike
0-1: Foul Ball, location: 2F
0-2: Ball
1-2: Fly out, F7 (Flyball, 7LS, EV 88.8 MPH)
Bottom of the 8th over - 2 runs, 2 hits, 0 errors, 2 left on base; Calgary 6 - San Francisco 7
TOP OF THE 9TH
Calgary Cowboys batting - Pitching for San Francisco Seals : RHP Keegan Orman
Now at SS: Jarod Henderson
Batting: RHB Jeff DeLong 0-0: Foul Ball, location: 2F
0-1: Called Strike
0-2: Foul Ball, location: 2F
0-2: Strikes out swinging
Batting: RHB M.J. McCaslin 0-0: Ball
1-0: Ball
2-0: Ground out 5-3 (Groundball, 5, EV 84.4 MPH)
Batting: LHB Stavian Adjeng 0-0: Swinging Strike
0-1: Ball
1-1: Swinging Strike
1-2: Ball
2-2: Ball
3-2: Strikes out swinging
Top of the 9th over - 0 runs, 0 hits, 0 errors, 0 left on base; Calgary 6 - San Francisco 7
Tuesday, March 19th , 2024 - OOTP Baseball 23.10 Build 110